 Dungeon Crawl Stone Soup version 0.29.0-4-gdea44cf6ec (webtiles) character file.

Game seed: 10629385488922445952

8 qw the Chopper (level 2, -2/17 HPs)
             Began as a Tengu Warper on Aug 28, 2022.
             Shot with a sling bullet by a goblin (3 damage)
             ... on level 1 of the Dungeon.
             The game lasted 00:00:01 (207 turns).

qw the Chopper (Tengu Warper)                        Turns: 207, Time: 00:00:01

Health: -2/17      AC:  3    Str: 11    XL:     2   Next: 8%
Magic:  6/6        EV: 11    Int: 13    God:
Gold:   5          SH:  0    Dex: 13    Spells: 5/5 levels left

rFire   . . .      SeeInvis .   a - +0 hand axe
rCold   . . .      Faith    .   (no shield)
rNeg    . . .      Spirit   .   b - +0 leather armour
rPois   .          Reflect  .   (helmet restricted)
rElec   .          Harm     .   (no cloak)
rCorr   .          Rampage  .   (no gloves)
Will    .....                   (boots unavailable)
Stlth   +.........              (no amulet)
HPRegen 0.05/turn               (no ring)
MPRegen 0.10/turn               (no ring)

@: no status effects
A: beak, talons 3
a: no special abilities


You were on level 1 of the Dungeon.
You visited 1 branch of the dungeon, and saw 1 of its levels.

You collected 5 gold pieces.


Innate Abilities, Weirdness & Mutations

You have a beak for a mouth.
You have claws for feet.


   Skills:
 - Level 2.0 Fighting
 + Level 3.1 Axes
 - Level 1.0 Throwing
 - Level 1.1 Armour
 - Level 2.1 Dodging
 - Level 2.0 Spellcasting
 - Level 2.4 Translocations


You had 5 spell levels left.
You didn't know any spells.
Your spell library contained the following spells:

 Spells                   Type           Power      Damage    Failure   Level
 Blink                    Tloc           14%        N/A       19%         2
 Gell's Gravitas          Tloc           7%         N/A       36%         3
 Lesser Beckoning         Tloc           7%         N/A       36%         3
 Teleport Other           Tloc           7%         N/A       36%         3
 Manifold Assault         Tloc           7%         N/A       98%         5

Inventory:

Hand Weapons
 a - a +0 hand axe (weapon)
 f - a +0 club
Armour
 b - a +0 leather armour (worn)
Scrolls
 c - a scroll of blinking
 g - 2 scrolls of teleportation {unknown}
Potions
 e - a potion of heal wounds {unknown}
 h - a potion of curing {unknown}

Dungeon Overview and Level Annotations

Branches:
Dungeon (1/15)

Altars:


Message History

The endoplasm hits you.
You hit the endoplasm.
You peck the endoplasm, but do no damage.
The endoplasm is severely wounded.
You hit the hobgoblin but do no damage. The hobgoblin misses you.
The endoplasm hits you.
You hit the endoplasm.
The endoplasm is almost dead.
You hit the hobgoblin. The hobgoblin closely misses you.
The endoplasm freezes you.
You are frozen.
You barely miss the endoplasm. You peck the endoplasm.
You kill the endoplasm!
You hit the hobgoblin.
You kill the hobgoblin!
Your Axes skill increases to level 3!
You have reached level 2!
You start resting.
A goblin comes into view. It is wielding a +0 sling.
A goblin comes into view. It is wielding a +0 club.
A rat comes into view.
The goblin shoots a sling bullet.
The sling bullet barely misses you.
You see here a hobgoblin corpse.
202 ||| Stepping ~*~*~tactically~*~*~ (hiding).
Found a spear and a pair of gloves.
203 ||| Stepping ~*~*~tactically~*~*~ (hiding).
Found a leather armour and a scroll labelled ADILEL WELEUSOEM.
You hit the goblin but do no damage. The goblin misses you.
You hit the goblin but do no damage. Your kick misses the goblin.
You peck the goblin.
The goblin is severely wounded.
The goblin hits you with a +0 club.
The goblin shoots a sling bullet.
The sling bullet hits you.
You slash the goblin!
You kill the goblin!
You hit the rat.
You kill the rat!
The goblin shoots a sling bullet.
The sling bullet hits you.
You die...

.. ##. ## ?.. .[ ..#
..#. #..# #... ...#
r.###J.# #).[#..#
#@.)#..# #.####.###.#
#.g.%..%...############
#####g...:..%..........
###################


You could see a goblin and a rat.

Vanquished Creatures
  2 endoplasms (D:1)
  A goblin (D:1)
  2 hobgoblins (D:1)
  A kobold (D:1)
  A frilled lizard (D:1)
  2 rats (D:1)
9 creatures vanquished.

Notes
Turn   | Place    | Note
-------+----------+-------------------------------------------
     0 | D:1      | qw the Tengu Warper began the quest for the Orb.
     0 | D:1      | Reached XP level 1. HP: 12/12 MP: 4/4
     0 | D:1      | 0 ||| qw: Version: 0.1-a-89-g26bdef1
     0 | D:1      | 0 ||| qw: Game counter: 445
     0 | D:1      | 0 ||| qw: Always use a shield: true
     0 | D:1      | 0 ||| qw: God list: Okawaru
     0 | D:1      | 0 ||| qw: Allow faded altars: false
     0 | D:1      | 0 ||| qw: Do Orc after D:15 true
     0 | D:1      | 0 ||| qw: Do second Lair branch before Depths: true
     0 | D:1      | 0 ||| qw: Lair rune preference: random
     0 | D:1      | 0 ||| qw: Plans: Normal
     0 | D:1      | 0 ||| PLANNING D:1-11
   189 | D:1      | 189 ||| Stepping ~*~*~tactically~*~*~ (stealth).
   190 | D:1      | 190 ||| Stepping ~*~*~tactically~*~*~ (stealth).
   192 | D:1      | 192 ||| Stepping ~*~*~tactically~*~*~ (stealth).
   198 | D:1      | Reached skill level 3 in Axes
   198 | D:1      | Reached XP level 2. HP: 5/17 MP: 6/6
   202 | D:1      | 202 ||| Stepping ~*~*~tactically~*~*~ (hiding).
   203 | D:1      | 203 ||| Stepping ~*~*~tactically~*~*~ (hiding).
   206 | D:1      | HP: 4/17 [goblin/+0 club (2)]
   206 | D:1      | HP: 1/17 [goblin/sling bullet (3)]
   207 | D:1      | Shot with a sling bullet by a goblin

Levels and vault maps discovered:
D:1:      scummos_arrival_star, layout_loops_ring,
          ebering_ecumenical_altar_petrified, minmay_octomino_c4

Skill      XL: |  1 |
---------------+----+-----
Axes           | 3 |  3.1
Fighting       | |  2.0
Throwing       | |  1.0
Armour         | |  1.1
Dodging        | |  2.1
Spellcasting   | |  2.0
Translocations | |  2.4

Action                   || total
-------------------------++-------
Melee: Hand axe          ||    13
       Peck              ||     4
       Kick              ||     2
Throw: Boomerang         ||     7
Armor: Leather armour    ||     2
Dodge: Dodged            ||     5

Table legend:
 A = Non-vault XP
 B = Vault XP
 C = Vault XP percentage of total XP
 D = Non-vault monster count
 E = Vault monster count
 F = Vault count percentage of total count
                 A         B        C        D         E       F
            +---------+---------+-------+---------+---------+-------
      Total |       9 |       6 |  40.0 |       6 |       3 |  33.3
            +---------+---------+-------+---------+---------+-------
        D:1 |       9 |       6 |  40.0 |       6 |       3 |  33.3
            +---------+---------+-------+---------+---------+-------
